AoeStats
← PALITOMAN

Arena

509489568Analyzed
4v4 RM · 6d ago on Sep 26, 2026· 27m 50s· 8 players
Game mode
Random Map
Map size
Large (8 player)
Population
200
Speed
Normal
Resources
Standard
Victory
Conquest
Starting age
Dark Age
Ending age
Imperial Age
RankedLock teamsTeams togetherTeam positionsShared explorationLock speedFull tech treeHidden civsTurbo modeCheats
Victory
Defeat
🇨🇱 Vietnamese · Chile
1186
+14
🇦🇷 Teutons · Argentina
1182
+14
🇦🇷 Aztecs · Argentina
1154
+15
🇪🇸 Romans · Spain
1138
+16
🇧🇪 Portuguese · Belgium
1179
-16
🇯🇵 Wu · Japan
1147
-15
🇩🇪 Danes · Germany
1123
-14
🇨🇴 Khmer · Colombia
1113
-14
Iribaar
10:30 Feudal Age
12:09 Double-Bit Axe
12:28 Horse Collar
15:00 Castle Age
14:35 Scale Mail Armor
16:01 Chain Mail Armor
16:50 Bow Saw
18:14 Arson
21:57 Town Watch
21:58 Loom
22:50 Wheelbarrow
22:31 Squires
22:38 Gambesons
23:07 Heavy Plow
25:26 Forging
24:41 Pikeman
25:38 Gold Mining
27:06 Iron Casting
noumha
10:06 Feudal Age
14:25 Castle Age
13:02 Horse Collar
28:34 Imperial Age
NuMa | Reize
1:33 Loom
10:55 Feudal Age
14:18 Castle Age
12:42 Double-Bit Axe
13:14 Horse Collar
15:58 Bow Saw
15:59 Loom
16:50 Wheelbarrow
21:48 Scale Barding Armor
22:13 Bloodlines
24:13 Forging
25:44 Fletching
cupubangetz
10:04 Feudal Age
10:33 Loom
10:36 Double-Bit Axe
11:06 Man-at-Arms
17:14 Castle Age
15:54 Horse Collar
19:15 Squires
25:26 Heavy Plow
28:17 Bow Saw
ELTRAVERO
10:36 Feudal Age
11:37 Double-Bit Axe
15:20 Castle Age
13:46 Gold Mining
14:58 Loom
15:51 Wheelbarrow
16:55 Gold Shaft Mining
17:02 Fervor
17:31 Redemption
17:09 Horse Collar
18:42 Sanctity
19:20 Town Watch
19:49 Bow Saw
23:58 Devotion
24:10 Atonement
24:20 Heavy Plow
27:05 Hand Cart
26:35 Loom
27:42 Herbal Medicine
PALITOMAN
10:19 Feudal Age
11:45 Double-Bit Axe
13:20 Loom
15:41 Castle Age
BastMaaat
11:19 Feudal Age
15:25 Castle Age
13:24 Double-Bit Axe
14:41 Horse Collar
16:23 Wheelbarrow
16:40 Bow Saw
16:34 Heavy Plow
21:53 Loom
23:36 Bloodlines
23:38 Scale Barding Armor
23:54 Husbandry
25:18 Crossbowman
25:21 Elite Skirmisher
27:54 Fletching
28:15 Forging
[TodEs] RastroJueves
6:12 Loom
8:49 Feudal Age
9:20 Double-Bit Axe
16:37 Fletching
24:20 Castle Age
23:18 Stone Mining
25:13 Bow Saw
24:43 Horse Collar
28:22 Heavy Plow
28:14 Town Watch
29:05 Wheelbarrow
Connection lost

Rejoining the realm…

Still unreachable

The connection could not be restored.

Session expired

The server has moved on; the page needs a fresh start.